 Dungeon Crawl Stone Soup version 0.30-a0-341-g682706514a (webtiles) character file.

Game seed: 11220559838244578901

131771 Muataran the End of an Era (level 17, -7/155 (159) HPs)
             Began as a Hill Orc Fighter on Nov 2, 2022.
             Was the Champion of Qazlal.
             Killed by the air
             ... invoked by a blizzard demon
             ... summoned by Asterion
              (28 damage)
             ... on level 3 of the Snake Pit.
             The game lasted 01:17:06 (31009 turns).

Muataran the End of an Era (Hill Orc Fighter)      Turns: 31009, Time: 01:17:06

HP:   -7/155 (159)  AC: 23    Str: 23    XL:     17   Next: 11%
MP:   32/32         EV: 11    Int: 12    God:    Qazlal [******]
Gold: 2106          SH: 19    Dex: 10    Spells: 16/16 levels left

rFire   + . .      SeeInvis .    a - +4 broad axe (chaos)
rCold   + + .      Faith    .    Z - +2 kite shield {rC+}
rNeg    + . .      Spirit   .    S - +1 chain mail {rPois}
rPois   +          Reflect  .    h - +2 helmet
rElec   .          Harm     .    C - scarf {rC+ rF+}
rCorr   .          Rampage  .    (no gloves)
Will    +....                    p - +1 pair of boots
Stlth   ..........               X - amulet of regeneration
HPRegen 1.25/turn                u - +4 ring of evasion
MPRegen 0.23/turn                V - ring of positive energy

@: protected from physical damage, lightly drained, repel missiles
A: no striking features
a: Renounce Religion, Upheaval, Elemental Force, Disaster Area


You were on level 3 of the Snake Pit.
You worshipped Qazlal.
Qazlal was exalted by your worship.
You visited 4 branches of the dungeon, and saw 25 of its levels.
You also visited: Ossuary, Gauntlet and Volcano.

You collected 2541 gold pieces.
You spent 435 gold pieces at shops.

Inventory:

Hand Weapons
 a - a +4 broad axe of chaos (weapon)
 b - a +3 broad axe
Missiles
 l - 2 throwing nets (quivered)
Armour
 h - a +2 helmet (worn)
 p - a +1 pair of boots (worn)
 C - a scarf of resistance (worn)
 R - +0 swamp dragon scales
 S - a +1 chain mail of poison resistance (worn)
 W - a +1 chain mail of fire resistance
 Z - a +2 kite shield of cold resistance (worn)
Jewellery
 u - a +4 ring of evasion (left hand)
 H - a ring of see invisible
 J - a ring of flight
 V - a ring of positive energy (right hand)
 X - an amulet of regeneration (around neck)
Wands
 d - a wand of digging (3)
 f - a wand of mindburst (12)
 y - a wand of flame (14)
 B - a wand of acid (6)
 D - a wand of charming (21)
 M - a wand of iceblast (16)
Scrolls
 e - 10 scrolls of butterflies
 m - 12 scrolls of teleportation
 n - 4 scrolls of noise
 s - 4 scrolls of poison
 t - 6 scrolls of vulnerability
 v - 2 scrolls of blinking
 A - 3 scrolls of enchant armour
 E - 2 scrolls of immolation
 G - 3 scrolls of silence
 I - a scroll of magic mapping
 T - 10 scrolls of identify
 U - a scroll of enchant weapon
Potions
 g - 8 potions of heal wounds
 i - 2 potions of attraction
 j - 6 potions of might
 k - 5 potions of haste
 o - 13 potions of curing
 r - 2 potions of flight
 w - 2 potions of cancellation
 z - 2 potions of brilliance
 F - 4 potions of mutation
 K - 2 potions of berserk rage
 L - 2 potions of resistance
 N - 3 potions of lignification
 Q - a potion of invisibility
 Y - 3 potions of ambrosia
Miscellaneous
 O - a condenser vane


   Skills:
 + Level 16.3 Fighting
 - Level 18.0 Axes
 + Level 14.9 Armour
 + Level 6.8 Shields
 * Level 23.3 Invocations
 - Level 4.0 Evocations


You had 16 spell levels left.
You didn't know any spells.
Your spell library contained the following spells:

 Spells                   Type           Power      Damage    Failure   Level
 Apportation              Tloc           0%         N/A       98%         1
 Beastly Appendage        Tmut           0%         N/A       98%         1
 Foxfire                  Conj/Fire      0%         2x1d4     98%         1
 Kiss of Death            Conj/Necr      0%         2d5       98%         1
 Necrotise                Necr           0%         1d4       98%         1
 Sandblast                Erth           0%         2d4       98%         1
 Shock                    Conj/Air       0%         1d3       98%         1
 Blink                    Tloc           0%         N/A       99%         2
 Momentum Strike          Conj/Tloc      0%         3d8       99%         2
 Scorch                   Fire           0%         2d5       99%         2
 Static Discharge         Conj/Air       0%         2-2/arc   99%         2
 Wereblood                Tmut           0%         N/A       99%         2
 Gell's Gravitas          Tloc           0%         N/A       100%        3
 Hailstorm                Conj/Ice       0%         3d3       100%        3
 Kindle Blastsparks       Fire/Tloc/Air  0%         2d10      100%        3
 Lesser Beckoning         Tloc           0%         N/A       100%        3
 Spider Form              Tmut/Pois      0%         N/A       100%        3
 Summon Guardian Golem    Hex/Summ       0%         N/A       100%        3
 Swiftness                Air            0%         N/A       100%        3
 Teleport Other           Tloc           0%         N/A       100%        3
 Vhi's Electric Charge    Tloc/Air       0%         N/A       100%        3
 Airstrike                Air            0%         2d(0-16)  100%        4
 Animate Armour           Summ/Erth      0%         N/A       100%        4
 Animate Dead             Necr           0%         N/A       100%        4
 Flame Wave               Conj/Fire      0%         2d4       100%        4
 Leda's Liquefaction      Hex/Erth       0%         N/A       100%        4
 Manifold Assault         Tloc           0%         N/A       100%        4
 Passage of Golubria      Tloc           0%         N/A       100%        4
 Petrify                  Tmut/Erth      0%         N/A       100%        4
 Summon Lightning Spire   Summ/Air       0%         N/A       100%        4
 Alistair's Intoxication  Tmut/Pois      0%         N/A       100%        5
 Arcjolt                  Conj/Air       0%         1d10      100%        5
 Blade Hands              Tmut           0%         N/A       100%        5
 Lee's Rapid Deconstruct  Erth           0%         3d4*      100%        5
 Lightning Bolt           Conj/Air       0%         1d11      100%        5
 Metabolic Englaciation   Hex/Ice        0%         N/A       100%        5
 Silence                  Hex/Air        0%         N/A       100%        5
 Iron Shot                Conj/Erth      0%         9d1       100%        6
 Simulacrum               Ice/Necr       0%         N/A       100%        6
 Statue Form              Tmut/Erth      0%         N/A       100%        6
 Summon Cactus Giant      Summ           0%         N/A       100%        6
 Orb of Destruction       Conj           0%         9d5       100%        7
 Spellforged Servitor     Conj/Summ      0%         N/A       100%        7
 Discord                  Hex            0%         N/A       100%        8
 Disjunction              Tloc           0%         N/A       100%        8
 Lehudib's Crystal Spear  Conj/Erth      0%         10d2      100%        8
 Maxwell's Capacitive Co  Air            0%         ∞         100%        8
 Necromutation            Tmut/Necr      0%         N/A       100%        8
 Death's Door             Necr           0%         N/A       100%        9


Dungeon Overview and Level Annotations

Branches:
Dungeon (15/15)            Temple (0/1) D:5            Lair (5/5) D:11
  Swamp (0/4) Lair:3        Snake (3/4) Lair:2        Slime (0/5) Lair:4
    Orc (2/2) D:11            Elf (0/3) Orc:2        Vaults (0/5) D:14
 Depths (0/4) D:15        Ossuary (visited)         Volcano (visited)
Gauntlet (visited)

Altars:
Ashenzari
Dithmenos
Gozag
Hepliaklqana
Nemelex Xobeh
Qazlal
Trog
Vehumet
Xom
Yredelemnul
Zin
Beogh
Jiyva

Shops:
D:1 [   D:4 (   D:6 **[(   D:7 ?[(*[   D:13 (*   Orc:2 [*=:?((*

Annotations:
D:3 1 runed translucent door, Crazy Yiuf
Snake:3 Asterion


Message History

The blizzard demon hits you but does no damage.
You block the blizzard demon's attack. Asterion blocks your attack.
Asterion is moderately wounded.
You hit the blizzard demon but do no damage.
The blizzard demon resists with almost no effort.
You feel sick.
You hear a shout!
Asterion is engulfed in blazing flames.
Asterion conjures a destructive force in the name of Makhleb!
The bolt of negative energy hits you! You partially resist.
You feel drained.
The naga sharpshooter unwields a +0 glaive.
The naga sharpshooter wields a +0 shortbow.
The naga sharpshooter casts a spell.
The blizzard demon hits you but does no damage. x2
You feel sick.
You are no longer poisoned.
Asterion says, "Makhleb has given me powers of destruction."
You block Asterion's attack.
Asterion hits you from afar with a +4 demon trident of venom!
The blizzard demon gestures at you. The bolt of cold hits you! You resist.
Your resistance to physical damage fades away.
You feel protected from cold.
The blizzard demon attacks as you move away!
The blizzard demon hits you but does no damage.
You block the blizzard demon's attack. The blizzard demon gestures at you.
You hear a sizzling sound!
Asterion hits you from afar with a +4 demon trident of venom!
Your resistance to cold fades away.
You feel protected from physical attacks.
The naga sharpshooter gestures wildly while chanting.
The naga sharpshooter magically shoots an arrow.
You block the arrow.
Asterion hits you from afar with a +4 demon trident of venom!!
* * * LOW HITPOINT WARNING * * *
The blizzard demon waves its arms in wide circles.
The air twists around and strikes you!!
You die...

##...... .##...$... #
#. ...... ..##.# .!..
....#. ..#
......###.######
.......☼.○#.)<.# #
......°§.@..).)##..#
.................#
......°2☼H.....).....#
.....○?.○○...........#
..........#......#...#
.#.....<.##......#####
.........###......#
.##....N.. #....##.
#........ #...## #.


You could see Asterion (fast), a naga sharpshooter and a blizzard demon
(summoned, very poisoned).

Vanquished Creatures
  Gastronok (D:9)
  Kirke (D:13)
  Agnes (Lair:2)
  Azrael (D:13)
  The ghost of baller8008 the Cleaver, a journeyman HOFi of Beogh (Orc:2)
  2 minotaurs
  Snorg (D:14)
  An ettin (D:14)
  5 hydras
  An entropy weaver (shapeshifter) (D:14)
  An ogre mage (D:15)
  A catoblepas (Lair:5)
  The ghost of lesbiats the Basher, a novice TrFi of Trog (D:8)
  7 boulder beetles
  4 centaur warriors
  6 anacondas (Snake:1)
  5 naga warriors
  A tengu warrior (D:15)
  16 death yaks
  An orc high priest (Orc:1)
  5 two-headed ogres
  A deep troll shaman (Lair:5)
  5 naga sharpshooters
  A shock serpent (Snake:1)
  A shadow wraith (D:14)
  2 salamander mystics
  3 naga ritualists
  3 wizards (D:15)
  2 necromancers
  A wolf spider zombie (D:14)
  Pikel (D:4)
  2 deep elf pyromancers
  A deep elf zephyrmancer (D:15)
  11 orc knights
  5 mana vipers
  An oklob plant (Gauntlet)
  A wolf spider (D:14)
  3 cyclopes
  3 manticores
  7 ugly things
  10 salamanders
  Joseph (D:7)
  16 black mambas
  10 elephants
  8 naga magi
  5 gargoyles
  A torpor snail (Lair:2)
  6 cane toads
  2 centaur skeletons (D:15)
  A kobold demonologist (D:14)
  2 unseen horrors
  2 guardian serpents (Snake:2)
  3 rime drakes
  An efreet (D:13)
  10 komodo dragons
  A queen bee (D:12)
  10 trolls
  6 meliai
  A wolf spider simulacrum (D:14)
  A hornet (D:5)
  2 polar bears
  A tyrant leech (Gauntlet)
  17 slime creatures
  16 blink frogs
  A centaur simulacrum (D:14)
  2 water elementals (D:12)
  5 wyverns
  37 yaks
  6 basilisks
  2 fire elementals (D:13)
  2 wraiths
  Grum (D:9)
  2 hogs (D:13)
  10 wargs
  10 vampire mosquitoes
  2 swamp worms (Gauntlet)
  21 nagas
  3 acid dragons
  4 hell hounds
  24 water moccasins
  2 ice beasts
  44 orc warriors
  4 sky beasts
  5 black bears
  10 ogres
  18 centaurs
  29 wolves
  A phantom (D:6)
  6 kobold brigands
  2 elf zombies (Ossuary)
  13 bullfrogs
  2 necrophages (D:6)
  A gnoll sergeant (D:11)
  4 scorpions
  4 wights (D:8)
  30 killer bees
  2 howler monkeys (D:11)
  3 electric eels
  3 centaur zombies
  3 jellies (Gauntlet)
  A gnoll bouda (D:7)
  19 orc priests
  3 hounds
  3 human zombies (Ossuary)
  Jessica (D:3)
  20 orc wizards
  6 iguanas
  A mummy (Ossuary)
  8 gnolls
  10 adders
  4 white imps
  2 worms
  A dart slug (D:5)
  98 orcs
  6 bats
  8 endoplasms
  6 giant cockroaches
  4 goblins
  7 hobgoblins
  2 jackals (D:4)
  33 kobolds
  4 quokkas
  7 ball pythons
  4 frilled lizards
  3 goblin zombies (Ossuary)
  9 hobgoblin zombies (Ossuary)
  8 kobold zombies (Ossuary)
  8 orc zombies (Ossuary)
  5 rats
  3 rat zombies (Ossuary)
  A plant (Lair:2)
863 creatures vanquished.

Vanquished Creatures (others)
  A killer bee (D:12)
  A naga zombie (Snake:2)
  An orc (Orc:2)
  3 bushes (D:11)
  19 fungi
  48 plants
  4 withered plants (Gauntlet)
77 creatures vanquished.

Grand Total: 940 creatures vanquished

Notes
Turn   | Place    | Note
-------+----------+-------------------------------------------
     0 | D:1      | Muataran the Hill Orc Fighter began the quest for the Orb.
     0 | D:1      | Reached XP level 1. HP: 19/19 MP: 1/1
    99 | D:1      | Reached XP level 2. HP: 26/27 MP: 2/2
   202 | D:1      | Found Lyethyon's Antique Armour Boutique.
   298 | D:1      | Found a faded altar of an unknown god.
   309 | D:1      | Reached XP level 3. HP: 33/33 MP: 3/3
   430 | D:2      | You fall into a shaft and drop 1 floor!
   430 | D:3      | Found a stormy altar of Qazlal.
   435 | D:3      | Became a worshipper of Qazlal Stormbringer
   802 | D:3      | Found a runed translucent door.
   803 | D:3      | Noticed Crazy Yiuf
  1091 | D:3      | Noticed Jessica
  1100 | D:3      | Killed Jessica
  1101 | D:3      | Reached skill level 1 in Invocations
  1101 | D:3      | Reached XP level 4. HP: 40/40 MP: 3/5
  1574 | D:1      | Reached skill level 2 in Invocations
  2168 | D:4      | Found a sand-covered staircase.
  2240 | Ossuary  | Entered an ossuary
  2250 | Ossuary  | Reached * piety under Qazlal
  2288 | Ossuary  | Reached XP level 5. HP: 46/46 MP: 6/6
  2542 | Ossuary  | Reached skill level 3 in Invocations
  2552 | Ossuary  | Reached ** piety under Qazlal
  2563 | Ossuary  | Reached XP level 6. HP: 44/53 MP: 8/8
  2582 | Ossuary  | Reached skill level 4 in Invocations
  2716 | D:4      | Reached skill level 5 in Fighting
  2716 | D:4      | Reached XP level 7. HP: 61/61 MP: 10/10
  2801 | D:4      | Noticed Pikel
  2808 | D:4      | Killed Pikel
  2809 | D:4      | Reached skill level 5 in Axes
  2809 | D:4      | Reached skill level 5 in Armour
  2809 | D:4      | Reached skill level 5 in Shields
  2809 | D:4      | Reached skill level 6 in Invocations
  2809 | D:4      | Reached XP level 8. HP: 38/70 MP: 4/12
  2968 | D:4      | Found Taesha's Weapon Shoppe.
  3198 | D:4      | Found a hazy altar of Hepliaklqana.
  3303 | D:5      | Entered Level 5 of the Dungeon
  3303 | D:5      | Noticed a hornet
  3309 | D:4      | Reached skill level 7 in Invocations
  3358 | D:5      | Got Foec's Essays on Graupel and Profane Magic
  3602 | D:5      | Killed a hornet
  3603 | D:5      | Reached skill level 8 in Invocations
  3627 | D:5      | Reached XP level 9. HP: 79/79 MP: 15/15
  3675 | D:5      | Found the +4 robe of Augmentation {Str+4 Int+4 Dex+4}
  3703 | D:5      | Found a broken altar of Ashenzari.
  3742 | D:5      | Found a shadowy altar of Dithmenos.
  4194 | D:5      | Found a sparkling altar of Nemelex Xobeh.
  4206 | D:5      | Found a staircase to the Ecumenical Temple.
  4451 | D:6      | Reached skill level 9 in Invocations
  4515 | D:6      | Reached *** piety under Qazlal
  4599 | D:6      | Found Teupsaow's Antique Armour Shoppe.
  4728 | D:6      | Found Wibrylot's Weapon Shoppe.
  4947 | D:6      | Identified the +3 ring mail of Lugonu's Benevolence {rElec
                  | Will++ Int-3 Dex+4}
  5098 | D:6      | Found Niys's General Store.
  5283 | D:6      | Found Astriunot's Assorted Antiques.
  5296 | D:6      | Reached skill level 10 in Invocations
  5520 | D:6      | Reached skill level 15 in Axes
  5520 | D:6      | Reached XP level 10. HP: 88/88 MP: 17/17
  5592 | D:7      | Found a runed translucent gate.
  5592 | D:7      | Found a runed translucent gate.
  5592 | D:7      | Found a runed translucent gate.
  5594 | D:7      | Found an opulent altar of Gozag.
  5594 | D:7      | Noticed a manticore
  5594 | D:7      | Noticed Joseph
  5633 | D:7      | Killed Joseph
  5769 | D:7      | Noticed lesbiats's ghost (novice TrFi)
  5862 | D:7      | Found Ceunwoes's Magic Scroll Shop.
  6020 | D:7      | Found Eschomec's Assorted Antiques.
  6058 | D:7      | Reached XP level 11. HP: 91/94 MP: 11/18
  6127 | D:7      | Found Eninemn's Armour Emporium.
  6179 | D:7      | Found Cuotekhle's Antique Armour Shoppe.
  6555 | D:7      | Found Biriusko's Antique Weapon Boutique.
  6716 | D:8      | Noticed a two-headed ogre
  6721 | D:8      | Killed a two-headed ogre
  6882 | D:8      | Reached skill level 11 in Invocations
  7107 | D:8      | Found a radiant altar of Vehumet.
  7453 | D:8      | Found a bloodstained altar of Trog.
  7533 | D:8      | Noticed a two-headed ogre
  7540 | D:8      | Killed a two-headed ogre
  8286 | D:9      | Noticed Gastronok
  8311 | D:9      | Killed Gastronok
  8312 | D:9      | Reached skill level 12 in Invocations
  8595 | D:9      | Identified the +10 whip "Obaudut" {vorpal, rC+ Will+ Int+4}
  8703 | D:9      | Noticed Grum
  8711 | D:9      | Killed Grum
  9154 | D:10     | Entered Level 10 of the Dungeon
  9801 | D:10     | Noticed a manticore
  9809 | D:10     | Killed a manticore
  9827 | D:10     | Reached XP level 12. HP: 54/105 MP: 19/21
 10024 | D:10     | Reached skill level 13 in Invocations
 10141 | D:10     | Noticed a two-headed ogre
 10145 | D:10     | Killed a two-headed ogre
 10484 | D:10     | Reached skill level 10 in Fighting
 11049 | D:11     | Noticed a boulder beetle
 11095 | D:10     | Killed a boulder beetle
 11340 | D:11     | Noticed a boulder beetle
 11370 | D:11     | Killed a boulder beetle
 11654 | D:11     | Reached skill level 14 in Invocations
 12243 | D:11     | Noticed a two-headed ogre
 12253 | D:11     | Killed a two-headed ogre
 12652 | D:11     | Found a staircase to the Orcish Mines.
 12961 | D:11     | Found a staircase to the Lair.
 13082 | Lair:1   | Entered Level 1 of the Lair of Beasts
 13094 | Lair:1   | Reached skill level 1 in Evocations
 13180 | Lair:1   | Reached skill level 15 in Invocations
 13180 | Lair:1   | Reached XP level 13. HP: 115/115 MP: 24/24
 13450 | Lair:1   | Reached skill level 10 in Armour
 14174 | Lair:1   | Reached **** piety under Qazlal
 14767 | Lair:2   | Found a staircase to the Snake Pit.
 14977 | Lair:2   | Reached skill level 16 in Invocations
 15407 | Lair:2   | Identified the +2 chain mail of Veameiw {Contam rPois rC+
                  | rN+}
 15927 | Lair:3   | Found a gate leading to a gauntlet.
 15937 | Gauntlet | Entered a Gauntlet
 15937 | Gauntlet | Found a transporter.
 15937 | Gauntlet | Found a transporter.
 15944 | Gauntlet | Found a transporter.
 15962 | Gauntlet | Found a transporter.
 15989 | Gauntlet | Found a transporter.
 16000 | Gauntlet | Found a transporter.
 16108 | Gauntlet | Found a transporter.
 16123 | Gauntlet | Found a transporter.
 16149 | Gauntlet | Found a transporter.
 16164 | Gauntlet | Found a transporter.
 16183 | Gauntlet | Found a transporter.
 16280 | Gauntlet | Found a transporter.
 16280 | Gauntlet | Found a transporter.
 16412 | Gauntlet | Found a transporter.
 16461 | Gauntlet | Found a transporter.
 16494 | Gauntlet | Got the Folio of the Crystalline Tesseract
 16757 | Gauntlet | Identified the +2 rapier of Tebriu {drain, +Blink}
 16757 | Gauntlet | Noticed a minotaur
 16764 | Gauntlet | Killed a minotaur
 17361 | Lair:3   | Reached XP level 14. HP: 99/126 MP: 26/26
 17449 | Lair:3   | Reached skill level 17 in Invocations
 17609 | Lair:3   | Found a staircase to the Swamp.
 19352 | Lair:4   | Found a viscous altar of Jiyva.
 19353 | Lair:4   | Found a staircase to the Slime Pits.
 19566 | Lair:5   | Entered Level 5 of the Lair of Beasts
 20048 | Lair:5   | Reached skill level 18 in Invocations
 21591 | Lair:5   | Reached skill level 19 in Invocations
 21755 | Lair:5   | Got the Omnibus of Doomed Conflagration
 21760 | Lair:5   | Got Sehye's Anthology of Topological Imprecation
 22225 | D:7      | Bought a scroll of identify for 26 gold pieces
 22225 | D:7      | Bought a scroll of teleportation for 39 gold pieces
 22225 | D:7      | Bought a scroll of identify for 26 gold pieces
 22275 | D:7      | HP: 4/129 [sky beast (6)]
 22308 | D:8      | Killed lesbiats's ghost
 22371 | D:8      | Found a bloodstained altar of Trog.
 22390 | D:8      | Found a radiant altar of Vehumet.
 22843 | D:12     | Reached XP level 15. HP: 124/137 MP: 28/28
 23651 | D:13     | Noticed Kirke
 23665 | D:13     | Killed Kirke
 23835 | D:13     | Found an opulent altar of Gozag.
 23839 | D:13     | Found Gozag's Platinum Reserve.
 24068 | D:13     | Reached skill level 20 in Invocations
 24144 | D:13     | Identified the +0 chain mail of Resilience {Harm rPois rC+}
 24526 | D:13     | Found Dovvitt's Antique Weapon Emporium.
 24786 | D:14     | Noticed Azrael
 24797 | D:13     | Reached ***** piety under Qazlal
 24859 | D:13     | Killed Azrael
 24959 | D:14     | Noticed Snorg
 24983 | D:14     | Killed Snorg
 25661 | D:14     | Found a basalt altar of Yredelemnul.
 25836 | D:14     | Found a gate to the Vaults.
 25920 | D:15     | Entered Level 15 of the Dungeon
 26098 | D:15     | Found a shimmering altar of Xom.
 26148 | D:15     | Reached skill level 21 in Invocations
 26439 | D:15     | Found a staircase to the Depths.
 26573 | D:15     | Reached skill level 15 in Fighting
 26633 | D:15     | Reached XP level 16. HP: 135/149 MP: 30/30
 26644 | D:15     | Found a glowing silver altar of Zin.
 27060 | Orc:1    | Entered Level 1 of the Orcish Mines
 27186 | Orc:1    | Found a dark tunnel.
 27208 | Volcano  | Entered a volcano
 27370 | Orc:1    | Found a roughly hewn altar of Beogh.
 27540 | Orc:2    | Entered Level 2 of the Orcish Mines
 27540 | Orc:2    | Found Kitt's Assorted Antiques.
 27904 | Orc:1    | Reached ****** piety under Qazlal
 27942 | Orc:2    | Reached skill level 22 in Invocations
 28107 | Orc:2    | Found Poarigen's Antique Weapon Boutique.
 28185 | Orc:2    | Found Gepsuw's Book Emporium.
 28185 | Orc:2    | Found Netagh's Jewellery Shoppe.
 28563 | Orc:2    | Found a staircase to the Elven Halls.
 28566 | Orc:2    | Found a runed translucent gate.
 28566 | Orc:2    | Found a runed translucent gate.
 28573 | Orc:2    | Found a runed translucent gate.
 28592 | Orc:2    | Found Nafoavvo's Armour Shoppe.
 28592 | Orc:2    | Found Osozeb's Assorted Antiques.
 28606 | Orc:2    | Bought a scroll labelled VUOTEBLIPH for 29 gold pieces
 28635 | Orc:2    | Found a roughly hewn altar of Beogh.
 28669 | Orc:2    | Found Sumiaru's Magic Scroll Shoppe.
 28669 | Orc:2    | Found Uczaimira's Antique Weapon Boutique.
 28675 | Orc:2    | Bought a scroll of teleportation for 42 gold pieces
 28684 | Orc:2    | Bought a runed broad axe for 273 gold pieces
 28755 | Orc:2    | Found a roughly hewn altar of Beogh.
 28799 | Orc:2    | Noticed baller8008's ghost (journeyman HOFi)
 28944 | Orc:2    | Killed baller8008's ghost
 29402 | Snake:1  | Entered Level 1 of the Snake Pit
 29409 | Snake:1  | Noticed Agnes
 29425 | Lair:2   | Killed Agnes
 29781 | Snake:1  | HP: 7/151 [naga/+0 trident (27)]
 30299 | Snake:2  | Reached skill level 23 in Invocations
 30512 | Snake:2  | Reached XP level 17. HP: 149/158 MP: 32/32
 30940 | Snake:3  | Noticed Asterion
 31009 | Snake:3  | Killed from afar by a blizzard demon

Illustrated notes

Levels and vault maps discovered:
D:1:      mrwooster_arrival_statue, layout_basic,
          hellmonk_ecumenical_altar_zigzags, serial_shops,
          nicolae_shop_window_shopping, minmay_vboxes
D:2:      layout_basic
D:3:      layout_loops_ring, nicolae_qazlal_scattered_showers,
          dreamdust_mushroom_princess, uniq_jessica, uniq_crazy_yiuf_cottage
D:4:      layout_basic, nzn_hepliaklqana_mist_gate,
          nicolae_ossuary_entry_false_entrances, kennysheep_windowed_goal,
          uniq_pikel
D:5:      layout_loops_ring, nemelex_diamond_rough_becter,
          nicolae_overflow_squiral, minmay_temple_entry_arrows,
          chequers_mini_garden
D:6:      layout_basic, serial_shops, nicolae_lakefront_shop, kennysheep_mini,
          nicolae_shop_statue_plus, nicolae_shop_stone,
          kennysheep_generic_room_10
D:7:      layout_basic, ebering_ghost_gozag, serial_shops,
          nicolae_shop_hallway_plus, shop, nicolae_shop_stone, shop_fountains,
          nicolae_shop_trees, uniq_joseph
D:8:      layout_cave_pools, mainiacjoe_overflow_brackets,
          mainiacjoe_overflow_cross_hatched, minivault_14
D:9:      layout_loops_cross, uniq_grum, uniq_gastronok
D:10:     layout_long_grid, minmay_door_square
D:11:     layout_basic, minmay_lair_entry_grove, david_orc_3
D:12:     layout_basic, minivault_7
D:13:     layout_loops_ring, serial_shops, nicolae_shop_crystal,
          roderic_serpentine_path, nicolae_gozag_zags_fifth_avenue, uniq_kirke
D:14:     nicolae_cairo_tiling_large_dashed, layout_small_grid, david_vaults_4,
          lemuel_zombie_altar_yredelemnul, uniq_snorg, uniq_azrael
D:15:     grunt_enter_depths_magical_seal, layout_small_grid, chequers_garden,
          hangedman_feature_mirror, minmay_fractal_squares_gapless_5
Lair:1:   layout_loops_ring, grunt_megastairs_2
Lair:2:   layout_long_grid, minmay_snake_entry_six_corridors,
          small_statue_intersection, beast_lair_carwin_9
Lair:3:   layout_cave_pods, minmay_swamp_entry_swarm, gauntlet_entry_generic,
          grunt_megastairs_3, lemuel_fruit_tree
Lair:4:   layout_roguey, dpeg_slime_entry_enclosed, serial_bayou_shore_a
Lair:5:   grunt_lair_end_beastmaster, layout_regular_city, patterned_corridor
Snake:1:  layout_misc_corridors, st_stairs_1, uniq_agnes
Snake:2:  layout_rooms
Snake:3:  layout_chambers, drop_trap, uniq_asterion
Orc:1:    layout_caves, lightli_volcano_entry_magma_tube, basic_altar
Orc:2:    st_orc_town, layout_caves, maelrawn_ghost_gauntlet_escape,
          serial_shops, shop, nicolae_square_shop,
          nicolae_shop_overgrown_old_shop, shop, minmay_orc_temple_b

Skill      XL: |  1  2  3  4  5  6  7  8  9 10 11 12 13 14 15 16 |
---------------+-------------------------------------------------+-----
Axes           | 3 4 5 6 15 16 17 18 | 18.0
Fighting       | 4 5 6 7 8 9 10 12 13 15 16 | 16.3
Invocations    | 1 2 3 4 6 8 10 12 15 16 19 21 23 | 23.3
Armour         | 4 5 6 7 8 9 11 12 13 14 | 14.9
Shields        | 4 5 6 |  6.8
Evocations     | 1 4 |  4.0

Action                   |  1- 3 |  4- 6 |  7- 9 | 10-12 | 13-15 | 16-18 || total
-------------------------+-------+-------+-------+-------+-------+-------++-------
Melee: War axe           |   106 |   213 |   251 |   303 |       |       ||   873
       Whip              |       |       |       |   374 |  1707 |   513 ||  2594
       Broad axe         |       |       |       |       |       |   316 ||   316
Invok: Upheaval          |       |       |     3 |    22 |    17 |     9 ||    51
       Disaster Area     |       |       |       |       |       |     1 ||     1
Evoke: Wand              |       |       |     5 |     4 |    15 |     2 ||    26
       Condenser vane    |       |       |       |     1 |     1 |       ||     2
  Use: Potion            |     1 |       |     2 |     2 |     2 |     2 ||     9
       Scroll            |       |     6 |     2 |    10 |    12 |     5 ||    35
Armor: Scale mail        |    63 |    15 |       |       |       |       ||    78
       Chain mail        |       |   105 |   149 |   305 |    66 |   235 ||   860
       Swamp dragon scal |       |       |       |     1 |   507 |       ||   508
Dodge: Dodged            |    40 |    58 |    78 |   158 |   771 |   247 ||  1352
       Repelled          |       |       |       |       |     7 |    15 ||    22
Block: Buckler           |    26 |    51 |    91 |   228 |   715 |   269 ||  1380
       Kite shield       |       |       |       |       |       |   291 ||   291
       Other             |       |       |       |       |       |     1 ||     1

Table legend: (Time is in decaauts)
 A = Elapsed time spent in this place.
 B = Non-inter-level travel time spent in this place.
 C = Inter-level travel time spent in this place.
 D = Time resting spent in this place.
 E = Time spent auto-exploring this place.
 F = Levels seen in this place.
 G = Mean time per level.
                   A        B        C        D        E       F      G
               +--------+--------+--------+--------+--------+-----+--------+
         Total |  30254 |  28748 |   1506 |   5887 |  16263 |  28 | 1080.5 |
       Dungeon |  17832 |  16757 |   1075 |   3249 |  10205 |  15 | 1188.8 |
          Lair |   7562 |   7242 |    320 |   1625 |   4302 |   5 | 1512.4 |
     Snake Pit |   1396 |   1371 |     25 |    120 |    759 |   3 |  465.3 |
  Orcish Mines |   1750 |   1666 |     84 |    237 |    798 |   2 |  875.0 |
       Ossuary |    452 |    452 |      0 |     71 |     82 |   1 |  452.0 |
       Volcano |     43 |     43 |      0 |      0 |      0 |   1 |   43.0 |
      Gauntlet |   1218 |   1218 |      0 |    584 |    116 |   1 | 1218.0 |
               +--------+--------+--------+--------+--------+-----+--------+

Top non-repeatable levels by time:
    D:11: 2166 daAuts
    D:10: 2135 daAuts
  Lair:4: 1739 daAuts
  Lair:2: 1638 daAuts
  Lair:5: 1620 daAuts
     D:8: 1608 daAuts
  Lair:1: 1338 daAuts
     D:9: 1323 daAuts
     D:6: 1277 daAuts
  Lair:3: 1225 daAuts
    D:13: 1224 daAuts
Gauntlet: 1218 daAuts
     D:7: 1218 daAuts
   Orc:2: 1100 daAuts
    D:14: 1089 daAuts
